AoeStats
← Dustin

Nomad

509881239Analyzed
2v2 RM · 4d ago on Sep 28, 2026· 19m 35s· 4 players
Game mode
Random Map
Map size
176×176
Population
200
Speed
Normal
Resources
Standard
Victory
Conquest
Starting age
Dark Age
Ending age
Imperial Age
RankedLock teamsTeams togetherTeam positionsShared explorationLock speedFull tech treeHidden civsTurbo modeCheats
Victory
Defeat
🇳🇱 Japanese · Netherlands
1525
+16
🇺🇸 Gurjaras · United States
1411
+20
🇩🇪 Franks · Germany
1528
-19
🇩🇪 Chinese · Germany
1494
-17
Holy Heroin
5:07 Loom
13:46 Feudal Age
14:20 Double-Bit Axe
18:38 Castle Age
16:44 Fishing Lines
17:28 Fletching
19:35 Medium Warships
19:38 Bodkin Arrow
BigAl
6:01 Loom
12:37 Feudal Age
17:38 Castle Age
16:13 Double-Bit Axe
16:35 Fishing Lines
18:07 Gold Mining
18:44 Bloodlines
20:13 Forging
Dustin
3:43 Loom
13:39 Feudal Age
14:48 Double-Bit Axe
18:11 Wheelbarrow
21:17 Castle Age
Flying Mouse -AOE-
5:45 Loom
14:22 Feudal Age
19:49 Castle Age
18:11 Forging
Connection lost

Rejoining the realm…

Still unreachable

The connection could not be restored.

Session expired

The server has moved on; the page needs a fresh start.